 Dungeon Crawl Stone Soup version 0.30-a0-972-gf3ab3527aa (webtiles) character file.

Game seed: 12706515168092081309

377 bande the Chopper (level 6, -17/38 HPs)
             Began as a Gargoyle Fighter on Mar 31, 2023.
             Demolished by an ogre
             ... wielding a +0 giant club
              (22 damage)
             ... on level 4 of the Dungeon.
             The game lasted 00:06:21 (4626 turns).

bande the Chopper (Gargoyle Fighter)                Turns: 4626, Time: 00:06:21

Health: -17/38     AC: 17    Str: 19    XL:     6   Next: 73%
Magic:  6/6        EV:  5    Int:  9    God:
Gold:   248        SH:  4    Dex: 11    Spells: 5/5 levels left

rFire   . . .      SeeInvis .    q - +1 broad axe
rCold   . . .      Faith    +    c - +0 buckler
rNeg    + . .      Spirit   .    x - +0 plate armour
rPois   ∞          Reflect  .    (no helmet)
rElec   +          Rampage  .    (no cloak)
rCorr   .                        (no gloves)
Will    +....                    p - +0 pair of boots Stlth
                                 v - amulet of faith
HPRegen 0.26/turn                g - ring of willpower
MPRegen 0.10/turn                (no ring)

@: no status effects
A: sickness immunity, AC +4, negative energy resistance 1, electricity
resistance, torment resistance 1, petrification resistance
a: no special abilities


You were on level 4 of the Dungeon.
You visited 1 branch of the dungeon, and saw 4 of its levels.
You also visited: Sewer.

You collected 248 gold pieces.

Inventory:

Hand Weapons
 a - a +0 war axe
 e - a +0 war axe
 o - a +0 arbalest
 q - a +1 broad axe (weapon)
 t - a +0 flail
Armour
 c - a +0 buckler (worn)
 p - a +0 pair of boots (worn)
 x - a +0 plate armour (worn)
Jewellery
 g - a ring of willpower (left hand)
 j - a ring of wizardry
 v - an amulet of faith (around neck)
Wands
 u - a wand of paralysis (9)
Scrolls
 l - 3 scrolls of poison
 s - a scroll of magic mapping
Potions
 b - a potion of curing {unknown}
 d - 5 potions of might
 f - 3 potions of heal wounds {unknown}
 h - a potion of ambrosia {unknown}
 k - 2 potions of invisibility {unknown}
 m - a potion of haste {unknown}
 n - a potion of lignification {unknown}
 r - a potion of berserk rage {unknown}
 w - 2 potions of cancellation {unknown}
 z - a potion of brilliance {unknown}
 A - a potion of mutation {unknown}
 B - a potion of magic {unknown}


   Skills:
 + Level 4.3 Fighting
 + Level 4.7 Axes
 + Level 4.4 Armour
 + Level 4.1 Shields
 * Level 0.7 Evocations


You had 5 spell levels left.
You didn't know any spells.
Your spell library contained the following spells:

 Spells                   Type           Power      Damage    Failure   Level
 Call Canine Familiar     Summ           0%         N/A       100%        3
 Inner Flame              Hex/Fire       0%         N/A       100%        3
 Portal Projectile        Hex/Tloc       0%         N/A       100%        3
 Cause Fear               Hex            0%         N/A       100%        4
 Leda's Liquefaction      Hex/Erth       0%         N/A       100%        4
 Discord                  Hex            0%         N/A       100%        8


Dungeon Overview and Level Annotations

Branches:
Dungeon (4/15)              Sewer (visited)
 Temple: D:4-7

Altars:
Uskayaw

Shops:
D:1 =


Innate Abilities, Weirdness & Mutations

You are immune to sickness and miasma.
Your stone body is resilient. (AC +4)
You are immune to poison.
You resist negative energy. (rN+)
You are resistant to electric shocks. (rElec)
You are resistant to unholy torment.
You are immune to petrification.


Message History

You hit Pikel.
Pikel is lightly wounded.
You barely miss the lemure. Pikel hits you but does no damage.
The lemure hits you but does no damage.
Unknown command.
You barely miss Pikel.
Pikel is lightly wounded.
You barely miss the lemure. Pikel hits you but does no damage.
The lemure hits you.
Unknown command.
You slash Pikel!
Pikel is heavily wounded.
You hit the lemure. Pikel barely misses you.
The lemure hits you but does no damage. x2; Pikel barely misses you.
Unknown command.
You miss Pikel.
Pikel is heavily wounded.
You hit the lemure. Pikel hits you but does no damage.
The lemure hits you but does no damage.
You slash Pikel!
Pikel is almost dead.
You slash the lemure! You barely miss the ogre. The ogre barely misses you.
Pikel hits you but does no damage.
The lemure hits you but does no damage. x2
Pikel hits you but does no damage.
Unknown command.
You hit Pikel but do no damage.
Pikel is almost dead.
You barely miss the ogre. You hit the lemure.
You kill the lemure!
That felt strangely unrewarding.
The ogre hits you with a +0 giant club!!
Ouch! That really hurt!
* * * LOW HITPOINT WARNING * * *
You block Pikel's attack.
You slash Pikel!
You kill Pikel!
You slash the ogre!
The ogre hits you with a +0 giant club!!
Ouch! That really hurt!
You die...

....########.##...
#.............#
#.............#
#.............#
#.........)÷..#
###...#####<###
#...# #†# #...#
..# #..@# ####
#.O)....#
#.#.#.#.# #.#.#...
#.#.# ... ..#..
..... # .## ...( .
....


You could see an ogre.

Vanquished Creatures
  Pikel (D:4)
  4 lemures
  A kobold brigand (Sewer)
  Jessica (D:3)
  Natasha (thrice) (D:3)
  5 adders
  6 river rats (Sewer)
  3 worms
  2 dart slugs
  An orc (D:3)
  4 endoplasms
  3 giant cockroaches
  7 hobgoblins
  17 kobolds
  3 quokkas
  11 ball pythons
  7 bats
  4 frilled lizards (D:1)
  13 goblins
  15 rats
111 creatures vanquished.

Notes
Turn   | Place    | Note
-------+----------+-------------------------------------------
     0 | D:1      | bande the Gargoyle Fighter began the quest for the Orb.
     0 | D:1      | Reached XP level 1. HP: 14/14 MP: 1/1
    69 | D:1      | Found Dunogi's Jewellery Emporium.
   121 | D:1      | Reached XP level 2. HP: 19/19 MP: 2/2
   329 | D:1      | Found a faded altar of an unknown god.
   667 | D:1      | Reached XP level 3. HP: 11/23 MP: 3/3
  1822 | D:2      | Reached XP level 4. HP: 29/29 MP: 4/4
  2200 | D:3      | Found a hide-covered altar of Uskayaw.
  2494 | D:3      | Found a glowing drain.
  2525 | Sewer    | Entered a sewer
  2663 | Sewer    | Reached XP level 5. HP: 25/33 MP: 5/5
  2830 | Sewer    | Noticed a kobold brigand
  2840 | Sewer    | Killed a kobold brigand
  2841 | Sewer    | Reached XP level 6. HP: 22/38 MP: 6/6
  3315 | D:3      | Noticed Jessica
  3320 | D:3      | Killed Jessica
  3577 | D:3      | Noticed Natasha
  3585 | D:3      | Killed Natasha
  3781 | D:3      | Noticed Natasha
  3790 | D:3      | Killed Natasha
  3899 | D:3      | Noticed Natasha
  3903 | D:3      | Killed Natasha
  4612 | D:4      | Noticed Pikel
  4626 | D:4      | Killed Pikel
  4626 | D:4      | Demolished by an ogre

Illustrated notes

Levels and vault maps discovered:
D:1:      dpeg_arrival_brainrot, layout_basic,
          hellmonk_ecumenical_altar_inner_sanctum, serial_shops, shop
D:2:      layout_basic
D:3:      layout_basic, eat_drink_and_be_merry_uskayaw,
          cheibrodos_sewer_entry_bend, minmay_fractal_squares_diagonal_5,
          uniq_natasha, uniq_jessica
D:4:      layout_basic, uniq_pikel

Skill      XL: |  1  2  3  4  5 |
---------------+----------------+-----
Axes           | 2 3 4 |  4.7
Armour         | 4 |  4.4
Shields        | 4 |  4.1
Fighting       | 4 |  4.3
Evocations     | |  0.7

Action                     |  1- 3 |  4- 6 || total
---------------------------+-------+-------++-------
  Melee: War axe           |   121 |    11 ||   132
         Broad axe         |       |   177 ||   177
    Use: Scroll            |       |     8 ||     8
 Armour: Scale mail        |    46 |       ||    46
         Chain mail        |    32 |   151 ||   183
         Plate armour      |       |    55 ||    55
  Dodge: Dodged            |    58 |   100 ||   158
  Block: Buckler           |    29 |    65 ||    94

Table legend: (Time is in decaauts)
 A = Elapsed time spent in this place.
 B = Non-inter-level travel time spent in this place.
 C = Inter-level travel time spent in this place.
 D = Time resting spent in this place.
 E = Time spent auto-exploring this place.
 F = Levels seen in this place.
 G = Mean time per level.
                   A        B        C        D        E       F      G
               +--------+--------+--------+--------+--------+-----+--------+
         Total |   4789 |   4770 |     19 |    849 |   2743 |   5 |  957.8 |
       Dungeon |   4070 |   4051 |     19 |    822 |   2244 |   4 | 1017.5 |
         Sewer |    719 |    719 |      0 |     27 |    499 |   1 |  719.0 |
               +--------+--------+--------+--------+--------+-----+--------+

Top non-repeatable levels by time:
     D:3: 1790 daAuts
     D:1: 1610 daAuts
   Sewer: 719 daAuts
     D:2: 598 daAuts
     D:4: 72 daAuts
